 Dungeon Crawl Stone Soup version 0.23.2-1-ga50397a6bc (webtiles) character file.

Game seed: 13093238491483153054

463 Kobolds4U the Cleaver (level 6, 0/56 HPs)
             Began as a Minotaur Berserker on Apr 28, 2019.
             Was a Priest of Trog.
             Slain by a gnoll
             ... wielding a +0 flail
              (2 damage)
             ... on level 3 of the Dungeon.
             The game lasted 00:06:17 (2736 turns).

Kobolds4U the Cleaver (Minotaur Berserker)          Turns: 2736, Time: 00:06:18

Health: 0/56       AC:  9    Str: 22    XL:     6   Next: 79%
Magic:  5/5        EV:  8    Int:  5    God:    Trog [***...]
Gold:   43         SH:  0    Dex: 10    Spells: 5/5 levels left

rFire    . . .     SeeInvis .   a - +0 hand axe
rCold    . . .     Gourm    .   (no shield)
rNeg     + . .     Faith    .   j - +0 chain mail
rPois    .         Spirit   .   (helmet restricted)
rElec    .         Reflect  .   (no cloak)
rCorr    .         Harm     .   (no gloves)
MR       .....                  s - +0 pair of boots
Stlth    ..........             (no amulet)
HPRegen  0.18/turn              (no ring)
MPRegen  0.09/turn              k - ring of positive energy

@: no status effects
A: retaliatory headbutt, horns 2
a: Berserk, Trog's Hand, Renounce Religion


You were on level 3 of the Dungeon.
You worshipped Trog.
Trog was most pleased with you.
You were very hungry.

You visited 1 branch of the dungeon, and saw 3 of its levels.

You collected 43 gold pieces.

Inventory:

Hand Weapons
 a - a +0 hand axe (weapon)
Armour
 b - a +0 animal skin
 j - a +0 chain mail (worn)
 s - a +0 pair of boots (worn)
Jewellery
 k - a ring of positive energy (right hand)
Scrolls
 f - 4 scrolls of amnesia {unknown}
 g - 3 scrolls of enchant weapon {unknown}
 h - 2 scrolls of remove curse {unknown}
 l - a scroll of enchant armour {unknown}
 m - a scroll of immolation {unknown}
 o - a scroll of magic mapping {unknown}
 r - a scroll of fear {unknown}
 t - a scroll of blinking {unknown}
 v - a scroll of identify {unknown}
Potions
 e - a potion of brilliance {unknown}
 i - 2 potions of magic {unknown}
 n - a potion of lignification {unknown}
 p - a potion of ambrosia {unknown}
 q - a potion of heal wounds {unknown}
 u - a potion of cancellation {unknown}
Comestibles
 c - 6 rations
 d - 2 chunks of flesh


   Skills:
 + Level 5.1 Fighting
 * Level 8.5 Axes
 - Level 2.4 Armour
 - Level 2.1 Dodging


You had 5 spell levels left.
You didn't know any spells.
Your spell library was empty.

Dungeon Overview and Level Annotations

Branches:
Dungeon (3/15)

Altars:
Ru

Annotations:
D:3 exclusion: door


Innate Abilities, Weirdness & Mutations

You reflexively headbutt those who attack you in melee.
You have a pair of horns on your head.


Message History

You barely miss the gnoll shaman. Your headbutt misses the gnoll shaman.
The gnoll shaman is almost dead.
The gnoll shaman splashes around in the water.
Okay, then.
You hit the gnoll shaman.
You kill the gnoll shaman!
Trog accepts your kill.
You hear a splash. x2
Okay, then.
You closely miss the gnoll. The gnoll hits you with a +0 flail.
* * * LOW HITPOINT WARNING * * *
You recover from your berserk rage.
The gnoll shaman calls upon its god to speed up the gnoll.
The gnoll seems to speed up.
The gnoll shaman invokes the aid of its god against you.
You resist with some effort.
The gnoll shaman is no longer moving quickly.
The gnoll throws a throwing net.
The throwing net barely misses you. The gnoll hits you with a +0 flail.
You die...

#################################
....P..........(...............P.
......P.........@g.g...P.........
≈≈≈≈≈≈≈≈≈≈≈≈≈≈≈≈≈≈≈≈≈)≈≈≈≈≈≈≈≈≈≈≈
≈≈≈≈≈≈≈≈≈≈≈≈≈≈≈≈≈≈g≈≈≈g≈≈≈≈≈≈≈≈≈≈
≈≈≈≈≈≈≈≈≈≈≈≈≈≈≈≈≈≈≈≈≈≈≈g≈≈≈#####≈
.....................g.g...#.g.#≈
##########################'#...#≈
+g.'gg.)g.gg....#+###≈
#gg#########..)(# #.≈≈
....g..))ggg... #....# #.≈≈


You could see a gnoll shaman and 6 gnolls.

Vanquished Creatures
  An ogre (D:3)
  The ghost of Morbidden the Skirmisher, a weakling DsMo (D:3)
  3 gnoll shamans (D:3)
  9 gnolls (D:3)
  5 adders (D:3)
  An ooze (D:2)
  4 worms
  3 dart slugs
  2 leopard geckos (D:3)
  A ball python (D:2)
  7 bats
  5 giant cockroaches
  5 goblins
  7 hobgoblins
  20 jackals
  6 frilled lizards
  7 kobolds
  11 rats
98 creatures vanquished.

Notes
Turn   | Place    | Note
-------+----------+-------------------------------------------
     0 | D:1      | Kobolds4U the Minotaur Berserker began the quest for the
                  | Orb.
     0 | D:1      | Reached XP level 1. HP: 19/19 MP: 0/0
    75 | D:1      | Reached skill level 4 in Axes
   254 | D:1      | Reached XP level 2. HP: 26/26 MP: 1/1
   285 | D:1      | Reached ** piety under Trog
   537 | D:1      | Reached skill level 5 in Axes
   582 | D:1      | Reached XP level 3. HP: 29/31 MP: 2/2
  1430 | D:3      | Reached skill level 6 in Axes
  1430 | D:3      | Reached XP level 4. HP: 33/39 MP: 3/3
  1525 | D:3      | Reached *** piety under Trog
  1568 | D:3      | Reached XP level 5. HP: 27/45 MP: 4/4
  1740 | D:3      | Found a runed translucent door.
  1742 | D:3      | Noticed Morbidden's ghost (weakling DsMo)
  1743 | D:3      | Reached skill level 7 in Axes
  1765 | D:3      | Killed Morbidden's ghost
  2032 | D:3      | Found a sacrificial altar of Ru.
  2645 | D:3      | Reached XP level 6. HP: 48/53 MP: 5/5
  2688 | D:3      | Reached skill level 8 in Axes
  2703 | D:3      | Reached skill level 5 in Fighting
  2732 | D:3      | HP: 2/56 [gnoll/+0 flail (2)]
  2736 | D:3      | Slain by a gnoll

Skill      XL: |  1  2  3  4  5  6 |
---------------+-------------------+-----
Axes           | 4 5 6 7 8 |  8.5
Fighting       | 4 5 |  5.1
Armour         | |  2.4
Dodging        | |  2.1

Action                   |  1- 3 |  4- 6 || total
-------------------------+-------+-------++-------
Melee: Hand axe          |    67 |   148 ||   215
       Headbutt          |    15 |    25 ||    40
Invok: Berserk           |       |     2 ||     2
       Trog's Hand       |       |     2 ||     2
 Stab: Paralysed         |       |     1 ||     1
  Eat: Chunk             |     1 |     6 ||     7
Armor: Animal skin       |     9 |       ||     9
       Chain mail        |    10 |    58 ||    68
Dodge: Dodged            |    31 |    61 ||    92
